[Event "Titled Tuesday Blitz November 01 Early 2022"]
[White "Reprintsev, Alexander"]
[Black "Bashirli, Saadat"]
[WhiteFideId "14100541"]
[BlackFideId "13429990"]
[WhiteElo "2230"]
[BlackElo "1408"]
[Result "1/2-1/2"]
[Round "08"]
[TimeControl "180+1"]
[Date "2022.11.02"]
[WhiteClock "0:00:10"]
[BlackClock "0:00:08"]

1. e4 c5 2. b3 Nc6 3. Bb2 e6 4. Qe2 Nf6 5. e5 Nd5 6. Nf3 Be7 7. c4 Ndb4 8. d3 O-O 9. a3 Na6 10. d4 cxd4 11. b4 Nc7 12. Nxd4 Nxd4 13. Bxd4 d6 14. Nc3 dxe5 15. Bxe5 Bf6 16. Rd1 Qe7 17. f4 Bxe5 18. fxe5 Bd7 19. g3 Bc6 20. Bg2 Bxg2 21. Qxg2 Qg5 22. Qe4 Rfd8 23. O-O b6 24. Qf4 Qxf4 25. gxf4 Kf8 26. Ne4 Ke7 27. Rd6 f6 28. Rfd1 Ne8 29. exf6+ gxf6 30. Rxd8 Rxd8 31. Rxd8 Kxd8 32. Kf2 Ke7 33. Ke3 Ng7 34. Ng3 Kd6 35. Ke4 Ke7 36. a4 Kd6 37. h4 a6 38. h5 h6 39. Kd4 Kc6 40. b5+ axb5 41. cxb5+ Kd6 42. Ne4+ Ke7 43. Ng3 Kd6 44. Kc4 e5 45. fxe5+ fxe5 46. Ne4+ Kc7 47. Nf6 Kd6 48. Kb3 Kc5 49. Nd7+ Kd6 50. Nxb6 e4 51. Nc4+ Kc5 52. Ne3 Nxh5 53. Kc3 Nf4 54. Nf5 Nd5+ 55. Kd2 h5 56. Ng3 Nf6 57. Ke3 Kb4 58. Nxe4 Nd7 59. Kd4 Kxa4 60. Nd6 h4 61. Ke4 h3 62. Kf3 h2 63. Kg2 h1=Q+ 64. Kxh1 Kb4 65. Kg2 Kc5 66. Ne4+ Kxb5 1/2-1/2


[Site "https://www.chess.com"]

[Event "Titled Tuesday Blitz November 01 Early 2022"]
[White "Rios Escobar, Adan"]
[Black "Brueckner, Thomas"]
[WhiteFideId "3403645"]
[BlackFideId "4600452"]
[WhiteElo "2352"]
[BlackElo "2332"]
[Result "0-1"]
[Round "08"]
[TimeControl "180+1"]
[Date "2022.11.02"]
[WhiteClock "0:00:03"]
[BlackClock "0:00:07"]

1. d4 Nf6 2. g3 g6 3. Bg2 d5 4. c4 Bg7 5. Nf3 O-O 6. cxd5 Nxd5 7. O-O Nb6 8. e4 Bg4 9. d5 c6 10. Nc3 cxd5 11. exd5 N8d7 12. h3 Bxf3 13. Bxf3 Ne5 14. Bg2 Rc8 15. Re1 Nec4 16. Qe2 Re8 17. a4 Nxb2 18. Nb5 N2c4 19. Bg5 a6 20. Na3 Bxa1 21. Rxa1 Nxa3 22. Rxa3 Qd6 23. Rd3 Nxa4 24. Kh2 Nc5 25. Re3 f6 26. Bf4 Qd7 27. h4 Rcd8 28. Bh6 Kf7 29. Qa2 b6 30. d6+ e6 31. Bf4 a5 32. Bh3 a4 33. Qc4 Ra8 34. Qe2 a3 35. Qa2 Kg7 36. Bf1 e5 37. Bh3 Qxd6 38. Bxe5 Rxe5 39. Rxa3 Rxa3 40. Qxa3 Re7 41. Qb2 Qe5 42. Qd2 Qe2 43. Qa2 Qxa2 44. Kg2 Re2 45. Bg4 Rxf2+ 46. Kg1 Rh2 47. Kf1 Qf2# 0-1


[Site "https://www.chess.com"]

[Event "Titled Tuesday Blitz November 01 Early 2022"]
[White "Rohith Krishna S"]
[Black "Lee, Linden"]
[WhiteFideId "46617051"]
[BlackFideId "30941830"]
[WhiteElo "2270"]
[BlackElo "2557"]
[Result "1/2-1/2"]
[Round "08"]
[TimeControl "180+1"]
[Date "2022.11.02"]
[WhiteClock "0:00:34"]
[BlackClock "0:00:18"]

1. e4 c6 2. d4 d5 3. e5 Bf5 4. h4 h5 5. Ne2 e6 6. Ng3 Bg6 7. Be2 Be7 8. Bxh5 Bxh5 9. Nxh5 g6 10. Nf4 Rxh4 11. Rxh4 Bxh4 12. g3 Be7 13. c3 Nd7 14. Be3 Qb6 15. Qb3 Bf8 16. Nd2 Ne7 17. g4 Bg7 18. Qxb6 axb6 19. a3 O-O-O 20. Kf1 Rh8 21. Kg2 Nf8 22. Nh3 Kd7 23. Ng5 Ke8 24. f4 Nh7 25. Ngf3 g5 26. fxg5 Ng6 27. a4 Nhf8 28. a5 Ke7 29. axb6 Nd7 30. Ra7 Rb8 31. Nb3 Kd8 32. Nc5 Nxc5 33. dxc5 Kc8 34. Bd4 Kd7 35. b4 Nf4+ 36. Kg3 Ne2+ 37. Kf2 Nf4 38. Kf1 Ng6 39. Ke2 Nf4+ 40. Kd2 Ng6 41. Kc2 Ne7 42. Nd2 Nc8 43. Ra1 Ne7 44. Kb3 Ng6 45. Nf3 Rh8 46. Ra7 Rb8 47. Ka4 Ne7 48. Nh4 Nc8 49. Ra5 Ne7 50. Kb3 Rh8 51. Nf3 Rb8 52. c4 dxc4+ 53. Kxc4 Ng6 54. Ra7 Ne7 55. Nd2 Ng6 56. Nf3 Ne7 57. Ra1 Rh8 58. Ra7 Rb8 1/2-1/2


[Site "https://www.chess.com"]

[Event "Titled Tuesday Blitz November 01 Early 2022"]
[White "Rose, Felix"]
[Black "Grave, Jacob Templen"]
[WhiteFideId "5105722"]
[BlackFideId "1542656"]
[WhiteElo "2039"]
[BlackElo "2121"]
[Result "0-1"]
[Round "08"]
[TimeControl "180+1"]
[Date "2022.11.02"]
[WhiteClock "0:01:20"]
[BlackClock "0:01:57"]

1. e4 c6 2. d4 d5 3. e5 Bf5 4. h4 h5 5. Bd3 Bxd3 6. Qxd3 Qa5+ 7. Nd2 e6 8. Nf3 Nh6 9. O-O Nf5 10. c4 Be7 11. g3 O-O 12. Rd1 Rd8 13. Qc2 c5 14. cxd5 Rxd5 15. Nb3 Qd8 16. Be3 cxd4 17. Bxd4 Nc6 18. Bc3 Rc8 19. Rxd5 Qxd5 20. Rd1 Qxf3 0-1


[Site "https://www.chess.com"]

[Event "Titled Tuesday Blitz November 01 Early 2022"]
[White "Rosenberg, Evan S"]
[Black "parintele_chess"]
[WhiteFideId "2019299"]
[WhiteElo "2382"]
[BlackElo "2222"]
[Result "1-0"]
[Round "08"]
[TimeControl "180+1"]
[Date "2022.11.02"]
[WhiteClock "0:00:17"]
[BlackClock "0:00:10"]

1. d4 d5 2. Nf3 e6 3. g3 c5 4. Bg2 cxd4 5. O-O Nc6 6. Nxd4 Bc5 7. Nxc6 bxc6 8. c4 Nf6 9. Qc2 Be7 10. Rd1 O-O 11. Nc3 Qc7 12. Bf4 e5 13. Bg5 d4 14. Bxf6 Bxf6 15. Ne4 Be7 16. c5 f5 17. Qc4+ Kh8 18. Nd6 Bxd6 19. cxd6 Qxd6 20. Qxc6 Qxc6 21. Bxc6 Rb8 22. b3 Ba6 23. Rd2 Rbc8 24. Bd5 Rcd8 25. Bc4 Bxc4 26. bxc4 e4 27. Rad1 h6 28. Rxd4 Rxd4 29. Rxd4 Rb8 30. c5 Rb1+ 31. Kg2 Rc1 32. Rd5 g6 33. e3 a5 34. a4 Rc4 35. c6 Rxc6 36. Rxa5 Rc2 37. Ra7 Ra2 38. a5 g5 39. h3 Ra1 40. a6 h5 41. h4 g4 42. Rf7 Ra5 43. a7 Kg8 44. Rb7 1-0


[Site "https://www.chess.com"]

[Event "Titled Tuesday Blitz November 01 Early 2022"]
[White "Rosh Jain"]
[Black "Osmonbekov, Talaibek"]
[WhiteFideId "25789465"]
[BlackFideId "2017253"]
[WhiteElo "2233"]
[BlackElo "2135"]
[Result "1-0"]
[Round "08"]
[TimeControl "180+1"]
[Date "2022.11.02"]
[WhiteClock "0:01:01"]
[BlackClock "0:00:21"]

1. e4 c5 2. Nf3 d6 3. d4 cxd4 4. Nxd4 Nf6 5. Nc3 g6 6. Be3 Bg7 7. f3 O-O 8. Qd2 Nc6 9. O-O-O d5 10. Qe1 e5 11. Nxc6 bxc6 12. Bc4 d4 13. f4 Qc7 14. fxe5 dxc3 15. exf6 cxb2+ 16. Kb1 Bxf6 17. Bc5 Be7 18. Bxe7 Qxe7 19. Rf1 Be6 20. Qe2 a5 21. e5 a4 22. Rf6 a3 23. Rdf1 Ra7 24. Bxe6 fxe6 25. Rxf8+ Qxf8 26. Rxf8+ Kxf8 27. c4 c5 28. g3 Rd7 29. Qf3+ Kg7 30. Qxa3 Rb7 31. Qxb2 Rxb2+ 32. Kxb2 Kf7 33. a4 Ke7 34. a5 Kd7 35. Kb3 Kc7 36. Ka4 Kc6 37. a6 Kb6 38. a7 Kxa7 39. Kb5 1-0


[Site "https://www.chess.com"]

[Event "Titled Tuesday Blitz November 01 Early 2022"]
[White "Rustemov, Alexander"]
[Black "Shipov, Sergei"]
[WhiteFideId "4119002"]
[BlackFideId "4113624"]
[WhiteElo "2932"]
[BlackElo "2771"]
[Result "1-0"]
[Round "08"]
[TimeControl "180+1"]
[Date "2022.11.01"]
[WhiteClock "0:00:10"]
[BlackClock "0:00:10"]

1. d4 d5 2. c4 dxc4 3. Nf3 a6 4. e3 e6 5. Bxc4 c5 6. O-O Nf6 7. e4 b5 8. Bd3 Bb7 9. Bg5 c4 10. Bc2 Be7 11. Qe2 Nbd7 12. Re1 Rc8 13. d5 e5 14. Nc3 O-O 15. Rad1 Qb6 16. Nh4 Rfe8 17. Nf5 Bc5 18. Qf3 g6 19. Nh6+ Kg7 20. Ne2 Rf8 21. Ng3 Ng8 22. Nxg8 Kxg8 23. Bh6 Rfe8 24. Bg5 Bf8 25. a3 Bg7 26. h4 h5 27. Nf1 a5 28. Be3 Qf6 29. Qh3 Nc5 30. Nd2 Rc7 31. Nf3 Bc8 32. Qg3 Bg4 33. Rd2 Nd7 34. Ng5 c3 35. bxc3 Rxc3 36. Bd3 b4 37. axb4 axb4 38. Bb5 Qd8 39. f3 Bf8 40. fxg4 Bc5 41. Qf2 Rxe3 42. Qxf7+ 1-0


[Site "https://www.chess.com"]

[Event "Titled Tuesday Blitz November 01 Early 2022"]
[White "Sailer, Mike"]
[Black "Troltenier, Dirk"]
[WhiteFideId "2012901"]
[BlackFideId "4606400"]
[WhiteElo "2109"]
[BlackElo "2328"]
[Result "0-1"]
[Round "08"]
[TimeControl "180+1"]
[Date "2022.11.02"]
[WhiteClock "0:00:44"]
[BlackClock "0:00:19"]

1. Nf3 d5 2. c4 c6 3. g3 Nf6 4. Bg2 e6 5. O-O Nbd7 6. b3 Bd6 7. Bb2 Qe7 8. d3 O-O 9. Nbd2 e5 10. e4 dxe4 11. dxe4 Ba3 12. Bc3 Bb4 13. Qc2 Bxc3 14. Qxc3 a5 15. a3 Re8 16. b4 Nf8 17. Rfe1 Qc7 18. c5 Ng6 19. Nc4 axb4 20. axb4 Rxa1 21. Qxa1 Rd8 22. Nd6 Ne8 23. Nxe5 Nxd6 24. Nxg6 hxg6 25. cxd6 Qxd6 26. e5 Qxb4 27. Rd1 Rxd1+ 28. Qxd1 Qe7 29. f4 Be6 30. h4 c5 31. Qa4 c4 0-1


[Site "https://www.chess.com"]

[Event "Titled Tuesday Blitz November 01 Early 2022"]
[White "Sarana, Alexey"]
[Black "Paravyan, David"]
[WhiteFideId "24133795"]
[BlackFideId "4194985"]
[WhiteElo "3034"]
[BlackElo "3035"]
[Result "1-0"]
[Round "08"]
[TimeControl "180+1"]
[Date "2022.11.01"]
[WhiteClock "0:01:23"]
[BlackClock "0:00:43"]

1. c4 Nf6 2. Nc3 d5 3. cxd5 Nxd5 4. Nf3 g6 5. h4 Bg7 6. h5 Nc6 7. e3 Bf5 8. a3 e5 9. d3 Nxc3 10. bxc3 Qd6 11. e4 Bg4 12. h6 Bf6 13. Be3 O-O-O 14. Qa4 b6 15. Nd2 Na5 16. Qb4 c5 17. Qb5 Bd7 18. Qa6+ Kb8 19. Rb1 Ka8 20. Be2 Qe7 21. Rxb6 Bg5 22. Qxa5 Bxe3 23. fxe3 Qg5 24. Ra6 1-0


[Site "https://www.chess.com"]

[Event "Titled Tuesday Blitz November 01 Early 2022"]
[White "Sargsyan, Anna M."]
[Black "Manukian, Artak"]
[WhiteFideId "13308130"]
[BlackFideId "13301373"]
[WhiteElo "2284"]
[BlackElo "2483"]
[Result "1-0"]
[Round "08"]
[TimeControl "180+1"]
[Date "2022.11.02"]
[WhiteClock "0:00:19"]
[BlackClock "0:00:57"]

1. d4 d5 2. c4 dxc4 3. Nf3 Nf6 4. e3 e6 5. Bxc4 a6 6. O-O c5 7. Qe2 b5 8. Bd3 Bb7 9. Rd1 cxd4 10. exd4 Be7 11. a4 b4 12. Nbd2 O-O 13. Nc4 Nc6 14. Bg5 Nd5 15. Bxe7 Qxe7 16. Qe4 g6 17. Rac1 Qf6 18. Nd6 Nd8 19. Nxb7 Nxb7 20. Ne5 Nd6 21. Qg4 Rfc8 22. a5 Qf4 23. Qxf4 Nxf4 24. Bf1 Nb5 25. g3 Nd5 26. Nc6 Kf8 27. Rc5 Nd6 28. f3 Nb7 29. Rcc1 b3 30. Kf2 Ne7 31. Nxe7 Kxe7 32. Rxc8 Rxc8 33. Bxa6 Rc2+ 34. Ke3 Nxa5 35. Ra1 Nc6 36. Bb5 Nb4 37. Ra7+ Kd6 38. Rd7# 1-0


[Site "https://www.chess.com"]

[Event "Titled Tuesday Blitz November 01 Early 2022"]
[White "Schekachikhin, Maksim"]
[Black "Fier, Alexandr"]
[WhiteFideId "24177830"]
[BlackFideId "2107139"]
[WhiteElo "2272"]
[BlackElo "2607"]
[Result "1-0"]
[Round "08"]
[TimeControl "180+1"]
[Date "2022.11.01"]
[WhiteClock "0:00:21"]
[BlackClock "0:01:38"]

1. d4 c5 2. d5 e5 3. c4 d6 4. Nc3 g6 5. e4 Bh6 6. Bd3 Bxc1 7. Qxc1 a6 8. h4 h5 9. Nf3 Qf6 10. Ng5 Nd7 11. g3 Nh6 12. Qd2 Qe7 13. O-O f6 14. Ne6 Nb8 15. f4 Bxe6 16. dxe6 Qxe6 17. Nd5 O-O 18. Nc7 Qc8 19. Nxa8 Nd7 20. fxe5 Ng4 21. exd6 Qxa8 22. Be2 Nge5 23. Qd5+ Kg7 24. Rad1 Qc8 25. Kg2 Qb8 26. b3 b5 27. Rc1 b4 28. Rcd1 a5 29. Qd2 Qb7 30. Qf4 Qb6 31. Rd5 a4 32. g4 hxg4 33. Bxg4 axb3 34. axb3 Qa7 35. Bxd7 Nxd7 36. h5 g5 37. Qf5 Kh8 38. Qg6 Qa2+ 39. Rf2 Qb1 40. h6 Rg8 41. Qf5 Re8 42. Re2 Rd8 43. Qe6 Qxb3 44. Qe7 Rg8 45. Qxd7 Qxc4 46. Qg4 b3 47. d7 Rd8 48. Qf3 Kh7 49. Red2 Qb4 50. Qf5+ Kxh6 51. Qxf6+ Kh7 52. Qe7+ Kh6 53. Qxg5+ Kh7 54. Qe7+ Kh6 55. Rd6+ Kh5 56. R2d5+ 1-0


[Site "https://www.chess.com"]

[Event "Titled Tuesday Blitz November 01 Early 2022"]
[White "Shapiro, Daniel"]
[Black "Tomaszewski, Kacper"]
[WhiteFideId "2001780"]
[BlackFideId "1127373"]
[WhiteElo "2239"]
[BlackElo "2211"]
[Result "1/2-1/2"]
[Round "08"]
[TimeControl "180+1"]
[Date "2022.11.02"]
[WhiteClock "0:00:07"]
[BlackClock "0:00:08"]

1. d4 Nf6 2. c4 e6 3. g3 d5 4. Nf3 Nc6 5. Qa4 Bb4+ 6. Bd2 Qe7 7. a3 Bxd2+ 8. Nbxd2 Bd7 9. Qc2 O-O 10. Bg2 e5 11. dxe5 Nxe5 12. cxd5 Nxd5 13. Qe4 Nxf3+ 14. Bxf3 Qxe4 15. Bxe4 Nf6 16. Bg2 Rfe8 17. e3 c6 18. O-O Be6 19. Nf3 Bd5 20. Nd4 Bxg2 21. Kxg2 Rad8 22. Rfd1 Rd5 23. b4 a5 24. Rab1 axb4 25. axb4 g6 26. Rdc1 Ne4 27. h4 Kg7 28. Ra1 Re7 29. Ra7 c5 30. bxc5 Rxc5 31. Rb1 Rcc7 32. Rb6 h5 33. Ra3 Nd2 34. Rd3 Nc4 35. Rb4 Ne5 36. Rdb3 Nc6 37. Nxc6 bxc6 38. Rc4 Re6 39. Rbc3 Kf6 40. e4 Ke7 41. f4 Kd7 42. Kf3 Rd6 43. e5 Rd5 44. Ke4 Rd1 45. Re3 Rd2 46. f5 gxf5+ 47. Kxf5 Rf2+ 48. Kg5 Ke6 49. Kxh5 c5 50. Kg5 Rf5+ 51. Kg4 Rxe5 52. Rec3 f5+ 53. Kf4 Kd5 54. g4 Re4+ 55. Rxe4 fxe4 56. Re3 Rf7+ 57. Kg5 Kd4 58. Re1 e3 59. Kg6 Rf2 60. h5 e2 61. h6 Kd3 62. h7 Rh2 63. Kg7 Kd2 64. Rxe2+ Kxe2 65. g5 c4 66. g6 c3 67. h8=Q Rxh8 68. Kxh8 c2 69. g7 c1=Q 70. g8=Q Qh6+ 71. Qh7 Qxh7+ 72. Kxh7 1/2-1/2


[Site "https://www.chess.com"]

[Event "Titled Tuesday Blitz November 01 Early 2022"]
[White "Shubenkova, Veronika"]
[Black "Zaichenko, Daria"]
[WhiteFideId "44124040"]
[BlackFideId "4197453"]
[WhiteElo "2027"]
[BlackElo "2039"]
[Result "1-0"]
[Round "08"]
[TimeControl "180+1"]
[Date "2022.11.02"]
[WhiteClock "0:01:54"]
[BlackClock "0:00:50"]

1. e4 c5 2. Nc3 Nc6 3. g3 Nf6 4. Bg2 g6 5. f4 e5 6. d3 d6 7. Nf3 Bg4 8. h3 Bxf3 9. Bxf3 Nd4 10. O-O Bg7 11. Be3 Qd7 12. Bg2 h5 13. Ne2 O-O-O 14. c3 Nxe2+ 15. Qxe2 exf4 16. Bxf4 d5 17. e5 Nh7 18. d4 c4 19. h4 Rhe8 20. Kh2 Nf8 21. Bg5 f6 22. Bxf6 Bxf6 23. Rxf6 Qg7 24. Qf2 Nh7 25. Rf7 Qh6 26. Rf1 Kb8 27. Qf4 g5 28. Qf5 Rh8 29. e6 gxh4 30. gxh4 Rdf8 31. Qe5+ Ka8 32. Qxd5 Rxf7 33. Rxf7 Rb8 34. Qe5 Qg6 35. Qe4 Nf8 36. Rxf8 1-0


[Site "https://www.chess.com"]

[Event "Titled Tuesday Blitz November 01 Early 2022"]
[White "Shuvalov, Evgenij"]
[Black "Melikyan, Gnel"]
[WhiteFideId "4187237"]
[BlackFideId "54109990"]
[WhiteElo "2049"]
[BlackElo "2138"]
[Result "0-1"]
[Round "08"]
[TimeControl "180+1"]
[Date "2022.11.02"]
[WhiteClock "0:00:15"]
[BlackClock "0:01:24"]

1. d4 Nf6 2. c4 g6 3. Nc3 Bg7 4. e4 d6 5. Nf3 O-O 6. Be2 e5 7. O-O Nc6 8. d5 Ne7 9. Ne1 Nd7 10. Be3 f5 11. f3 f4 12. Bf2 g5 13. Rc1 Rf7 14. c5 Nxc5 15. b4 Na6 16. Nb5 Ng6 17. Nd3 b6 18. Be1 Bd7 19. Nf2 h5 20. Nxd6 cxd6 21. Bxa6 Bf8 22. Bb7 Rb8 23. Bc6 Bc8 24. b5 Rg7 25. a4 Nh4 26. g3 fxg3 27. hxg3 Ng6 28. Kg2 Nf4+ 29. Kh2 Qf6 30. Bd2 g4 31. Rh1 h4 32. Nxg4 Bxg4 33. fxg4 Nd3 34. Be3 Nxc1 35. Qxc1 Qf3 36. gxh4 Qxg4 37. Rg1 Qxh4# 0-1


[Site "https://www.chess.com"]

[Event "Titled Tuesday Blitz November 01 Early 2022"]
[White "Silva Lucena, Cristian"]
[Black "Schut, Han"]
[WhiteFideId "2232588"]
[BlackFideId "1005561"]
[WhiteElo "2223"]
[BlackElo "2024"]
[Result "1-0"]
[Round "08"]
[TimeControl "180+1"]
[Date "2022.11.02"]
[WhiteClock "0:01:34"]
[BlackClock "0:00:28"]

1. d4 Nf6 2. c4 g6 3. Nc3 d5 4. Nf3 Bg7 5. Qb3 dxc4 6. Qxc4 O-O 7. e4 a6 8. e5 b5 9. Qb3 Nfd7 10. h4 e6 11. h5 c5 12. dxc5 Bb7 13. hxg6 hxg6 14. Be3 Qc7 15. O-O-O Nxc5 16. Qc2 b4 17. Na4 b3 18. Qxc5 Qxc5+ 19. Nxc5 bxa2 20. Kc2 Rc8 21. Bc4 Bxf3 22. gxf3 Nc6 23. f4 Bf8 24. Nd7 Nb4+ 25. Kb3 a5 26. Nf6+ Kg7 27. Rh7# 1-0


[Site "https://www.chess.com"]

[Event "Titled Tuesday Blitz November 01 Early 2022"]
[White "Smietanska, Wiktoria"]
[Black "Garv Gaur"]
[WhiteFideId "21869359"]
[BlackFideId "45030839"]
[WhiteElo "1854"]
[BlackElo "1960"]
[Result "0-1"]
[Round "08"]
[TimeControl "180+1"]
[Date "2022.11.02"]
[WhiteClock "0:01:23"]
[BlackClock "0:02:46"]

1. c4 e6 2. Nc3 d5 3. cxd5 exd5 4. d4 Nf6 5. Bg5 c6 6. e3 Be7 7. Bd3 h6 8. Bh4 O-O 9. Qc2 Nbd7 10. Nge2 a5 11. O-O b5 12. Rae1 Re8 13. f3 Ba6 14. Bf2 Qb6 15. e4 dxe4 16. fxe4 Ng4 17. h3 Nxf2 18. Rxf2 Bh4 19. g3 Bg5 20. h4 Be3 21. Nf4 Qxd4 22. Qe2 Bxf2+ 23. Qxf2 Qxf2+ 24. Kxf2 Ne5 25. Bc2 Rad8 0-1


[Site "https://www.chess.com"]

[Event "Titled Tuesday Blitz November 01 Early 2022"]
[White "Sovetbekova, Nurai"]
[Black "Estrada Nieto, Julian"]
[WhiteFideId "13801910"]
[BlackFideId "5101018"]
[WhiteElo "1925"]
[BlackElo "2252"]
[Result "1-0"]
[Round "08"]
[TimeControl "180+1"]
[Date "2022.11.02"]
[WhiteClock "0:00:08"]
[BlackClock "0:00:03"]

1. d4 d5 2. c4 dxc4 3. Nf3 Nf6 4. e3 e6 5. Bxc4 a6 6. O-O c5 7. dxc5 Bxc5 8. Qxd8+ Kxd8 9. Rd1+ Ke7 10. Nc3 b5 11. Be2 Bb7 12. a3 Nbd7 13. b4 Bd6 14. Bb2 Rhd8 15. Rd2 Ne5 16. Nxe5 Bxe5 17. Rad1 Rxd2 18. Rxd2 Bxc3 19. Bxc3 Ne4 20. Rd3 Rc8 21. Bd4 f6 22. f3 Ng5 23. Bc5+ Ke8 24. Kf2 Nf7 25. f4 Be4 26. Rd4 f5 27. g4 g6 28. Bd1 Bd5 29. gxf5 gxf5 30. Bf3 Bxf3 31. Kxf3 a5 32. e4 fxe4+ 33. Kxe4 axb4 34. axb4 Rc6 35. Rd1 Ra6 36. Rg1 Ra2 37. Rg8+ Kd7 38. Rg7 Ke8 39. Rxh7 Re2+ 40. Kf3 Rb2 41. Rg7 Nh6 42. Rg6 Nf5 43. Rxe6+ Kd7 44. Rf6 Nh4+ 45. Kg4 Ng2 46. Rd6+ Kc7 47. Re6 Rc2 48. h4 Rc3 49. h5 Ne3+ 50. Rxe3 Rxe3 51. Bxe3 Kc6 52. Kg5 Kd5 53. Kg6 Kc4 54. Bc5 1-0


[Site "https://www.chess.com"]

[Event "Titled Tuesday Blitz November 01 Early 2022"]
[White "Stribuk, Artiom"]
[Black "Chernobay, Artem"]
[WhiteFideId "13515659"]
[BlackFideId "4167406"]
[WhiteElo "2279"]
[BlackElo "2473"]
[Result "1-0"]
[Round "08"]
[TimeControl "180+1"]
[Date "2022.11.01"]
[WhiteClock "0:00:07"]
[BlackClock "0:00:08"]

1. d4 Nf6 2. c4 e6 3. g3 d5 4. Nf3 dxc4 5. Bg2 Nc6 6. Qa4 Bb4+ 7. Bd2 Nd5 8. a3 Bxd2+ 9. Nbxd2 c3 10. bxc3 Nxc3 11. Qc2 Nd5 12. O-O O-O 13. Rac1 Nde7 14. e3 Bd7 15. Ne4 b6 16. Neg5 Ng6 17. h4 h6 18. Ne4 Rc8 19. Rfd1 Nge7 20. Qb1 f6 21. Qa2 Kh8 22. Bh3 Nd5 23. Nc3 Nce7 24. Ne2 c6 25. e4 Nc7 26. Nf4 f5 27. exf5 exf5 28. Ne5 Be8 29. d5 cxd5 30. Qb2 Qd6 31. h5 Kh7 32. Re1 Bd7 33. Nxd7 Qxd7 34. Qe5 Rf7 35. Nd3 Ne8 36. Rxc8 Qxc8 37. Qd4 Nf6 38. Ne5 Rf8 39. Nf3 Nc6 40. Qh4 Ne4 41. Rc1 Qd7 42. Qf4 Nd8 43. Nh4 Nd6 44. Rd1 Ne6 45. Qe5 d4 46. Ng6 Rc8 47. Re1 Rc5 48. Qxe6 Qxe6 49. Rxe6 d3 50. Re8 d2 51. Rh8# 1-0


[Site "https://www.chess.com"]

[Event "Titled Tuesday Blitz November 01 Early 2022"]
[White "Svane, Rasmus"]
[Black "Csonka, Balazs"]
[WhiteFideId "4657101"]
[BlackFideId "742910"]
[WhiteElo "2674"]
[BlackElo "2404"]
[Result "1-0"]
[Round "08"]
[TimeControl "180+1"]
[Date "2022.11.01"]
[WhiteClock "0:00:36"]
[BlackClock "0:00:02"]

1. Nf3 b6 2. g3 Bb7 3. Bg2 Nf6 4. O-O g6 5. d4 Bg7 6. c4 e6 7. Re1 O-O 8. Bf4 d6 9. Qc2 Be4 10. Qd2 Bb7 11. Qc2 Be4 12. Qc1 Bb7 13. Nc3 Ne4 14. Nd2 d5 15. Ndxe4 dxe4 16. Nxe4 Nc6 17. e3 e5 18. dxe5 Nxe5 19. Rd1 Qe7 20. Qc2 Rad8 21. Bg5 Rxd1+ 22. Qxd1 Qe6 23. Bf4 Nxc4 24. Nf6+ Bxf6 25. Bxb7 Nxb2 26. Qb3 Qxb3 27. axb3 Nd3 28. Rxa7 Nxf4 29. gxf4 Be7 30. Bd5 Bd6 31. Kg2 Kg7 32. Kf3 f5 33. h4 Re8 34. Ra1 Kh6 35. Rh1 Kh5 36. Kg3 Re7 37. Bf3+ Kh6 38. Kg2 Re8 39. Ra1 Kg7 40. h5 Kf6 41. hxg6 hxg6 42. Bc6 Rg8 43. Kf3 g5 44. fxg5+ Rxg5 45. Rh1 Rg8 46. Ke2 f4 47. e4 Ke5 48. Rh5+ Kd4 49. Rd5+ Kc3 50. e5 Bc5 51. e6 Rg7 52. Rd3+ Kb2 53. Kf3 Re7 54. Bd7 b5 55. Kxf4 b4 56. f3 Kc2 57. Rd5 Bb6 58. Kf5 Kxb3 59. Kf6 Rh7 60. e7 Rxe7 61. Kxe7 Kc4 62. Be6 Kc3 63. Rb5 Be3 64. Re5 Bd4 65. Re4 c5 66. Kd6 b3 67. Bxb3 Kxb3 68. Kd5 Kc3 69. f4 Kd3 70. f5 Bb2 71. Rc4 Bd4 72. Rxc5 Bxc5 73. Kxc5 Ke4 74. f6 1-0


[Site "https://www.chess.com"]

[Event "Titled Tuesday Blitz November 01 Early 2022"]
[White "Tarasova, Viktoriya"]
[Black "Mitrovic, Darko R"]
[WhiteFideId "4175840"]
[BlackFideId "927023"]
[WhiteElo "2182"]
[BlackElo "2150"]
[Result "1-0"]
[Round "08"]
[TimeControl "180+1"]
[Date "2022.11.02"]
[WhiteClock "0:00:54"]
[BlackClock "0:00:18"]

1. d4 e6 2. c4 Nf6 3. Nc3 Bb4 4. Nf3 Bxc3+ 5. bxc3 d6 6. Nd2 e5 7. e4 O-O 8. Bd3 c5 9. d5 Nbd7 10. O-O Re8 11. Re1 Nf8 12. Nf1 Ng6 13. g3 Bd7 14. Ne3 Rb8 15. a4 h6 16. a5 Qc7 17. Qf3 b6 18. axb6 Rxb6 19. Nf5 Bxf5 20. exf5 Ne7 21. g4 Rbb8 22. h4 Nh7 23. g5 hxg5 24. hxg5 Qd7 25. Kg2 f6 26. g6 Ng5 27. Bxg5 fxg5 28. Rh1 g4 29. Qxg4 Kf8 30. Rh8+ Ng8 31. Qh4 Qe7 32. Rxg8+ Kxg8 33. Qh7+ Kf8 34. Qh8# 1-0


[Site "https://www.chess.com"]

[Event "Titled Tuesday Blitz November 01 Early 2022"]
[White "Terzi, Alexei"]
[Black "Malyi, Viacheslav"]
[WhiteFideId "13505076"]
[BlackFideId "14123983"]
[WhiteElo "2172"]
[BlackElo "2291"]
[Result "1/2-1/2"]
[Round "08"]
[TimeControl "180+1"]
[Date "2022.11.02"]
[WhiteClock "0:00:05"]
[BlackClock "0:00:12"]

1. e4 e5 2. Nf3 Nc6 3. d4 exd4 4. Nxd4 Nf6 5. Nxc6 dxc6 6. Qxd8+ Kxd8 7. Bg5 h6 8. Bxf6+ gxf6 9. Bd3 Be6 10. Nd2 Bc5 11. Nf1 Ke7 12. Ke2 h5 13. h4 a5 14. Ne3 Rag8 15. g3 Bg4+ 16. Nxg4 Rxg4 17. Kf3 Rgg8 18. Rad1 Rd8 19. Bc4 Rxd1 20. Rxd1 Rg8 21. a4 Rh8 22. c3 Rg8 23. Rd3 Bd6 24. Bb3 Be5 25. Bd1 Rh8 26. Ke2 Bd6 27. Rf3 b5 28. Rf5 Be5 29. Kd2 Rb8 30. Kc1 b4 31. Kc2 Rd8 32. Bxh5 c5 33. f4 Bd6 34. e5 fxe5 35. Rxf7+ Ke6 36. f5+ Kd5 37. g4 c4 38. g5 b3+ 39. Kc1 Ke4 40. Be2 Bc5 41. g6 Be3+ 42. Kb1 Rd2 43. Bg4 Rg2 44. Bd1 Rd2 45. Rd7 Bd4 46. Bh5 Rg2 47. Kc1 Be3+ 48. Kb1 Bd4 49. Kc1 Be3+ 50. Kb1 Bd4 1/2-1/2


[Site "https://www.chess.com"]

[Event "Titled Tuesday Blitz November 01 Early 2022"]
[White "Tharushi, T H D Niklesha"]
[Black "Deev, Andrei"]
[WhiteFideId "9918264"]
[BlackFideId "4102690"]
[WhiteElo "1596"]
[BlackElo "2314"]
[Result "1-0"]
[Round "08"]
[TimeControl "180+1"]
[Date "2022.11.02"]
[WhiteClock "0:01:40"]
[BlackClock "0:00:11"]

1. e4 d6 2. d4 Nf6 3. Nc3 c6 4. Nf3 Bg4 5. Be2 e6 6. h3 Bh5 7. O-O d5 8. e5 Nfd7 9. Bg5 Qc8 10. a3 c5 11. Nb5 cxd4 12. Qxd4 Nc6 13. Qc3 Bxf3 14. Bxf3 Ndxe5 15. Rfe1 a6 16. Rxe5 axb5 17. Re2 f6 18. Bxf6 gxf6 19. Qxf6 Rg8 20. Bh5+ Kd7 21. Qxe6+ Kc7 22. Qxg8 Nd4 23. Qf7+ Kb6 24. Qf6+ Nc6 25. Re8 Qxe8 26. Bxe8 Rxe8 27. g4 1-0


[Site "https://www.chess.com"]